 Dungeon Crawl Stone Soup version 0.32-a0-798-gfa783ce77f (webtiles) character file.

Game seed: 7940992151747216228

1686274 Ajdolov the Evocator (level 26, 146/196 HPs)
             Began as a Coglin Hunter on Mar 20, 2024.
             Was a High Priest of Hepliaklqana.
             Escaped with the Orb
             ... and 3 runes on Mar 21, 2024!
             The game lasted 03:04:42 (64852 turns).

Ajdolov the Evocator (Coglin Hunter)               Turns: 64852, Time: 03:04:43

Health: 146/196    AC: 20    Str: 11    XL:     26   Next: 57%
Magic:  24/24      EV: 31    Int: 10    God:    Hepliaklqana [*****.]
Gold:   4028       SH:  0    Dex: 32    Spells: 25/25 levels left

rFire   + + +        L - +5 orcbow of Tenacity {heavy, rPois rF++ Will+ Str-4}
rCold   + . .        (shield currently unavailable)
rNeg    . . .        Q - +0 steam dragon scales
rPois   +            J - +2 helmet
rElec   .            d - scarf {rC+ rF+}
rCorr   .            Y - +2 pair of gloves {Dex+3}
SInv    +            j - +1 pair of boots of the Rescuing Gods {Rampage Dex+4 SInv}
Will    ++++.        (amulet unavailable)
Stlth   ++           (ring unavailable)
HPRegen 0.52/turn    (ring unavailable)
MPRegen 0.19/turn    P
                       - NW-50 gigamodule {RevParry, Will+ Slay+3}

%: rampage
@: no status effects
A: reduced essence, off-hand wielding, slow wielding, warmup strikes, no
jewellery, low MP 2, strong-willed 1, poison resistance
0: Orb of Zot
}: 3/15 runes: barnacled, slimy, gossamer
a: Renounce Religion, Recall Ancestor, Ancestor Identity, Transference, Idealise


You escaped.
You worshipped Hepliaklqana.
Hepliaklqana was extremely pleased with you.
You visited 11 branches of the dungeon, and saw 52 of its levels.
You also visited: Gauntlet.

You collected 6289 gold pieces.
You spent 2261 gold pieces at shops.

Inventory:

Hand Weapons
 a - a +5 eudemon blade of holy wrath {Sukanya}
 F - a +3 demon blade of protection {Paloma}
 L - the +5 orcbow of Tenacity (weapon) {heavy, rPois rF++ Will+ Str-4}
   (You found it on level 4 of the Lair of Beasts)

   Str-4:     It affects your strength (-4).
   rF++:      It greatly protects you from fire.
   rPois:     It protects you from poison.
   Will+:     It increases your willpower.
 Z - a +9 longbow of freezing {Jingyi}
Missiles
 y - 4 throwing nets
 U - 8 curare-tipped darts
Armour
 d - a scarf of resistance (worn)
 j - the +1 pair of boots of the Rescuing Gods (worn) {Rampage Dex+4 SInv}
   (You acquired it on level 4 of the Lair of Beasts)

   Dex+4:     It affects your dexterity (+4).
   SInv:      It lets you see invisible.
   Rampage:   It bestows one free step when moving towards enemies.
 B - a +1 cloak of poison resistance
 J - a +2 helmet (worn)
 Q - +0 steam dragon scales (worn)
 R - the +8 gold dragon scales of Parts Unknown {rPois rF+ rC+ rN+ Str+4 SInv}
   (You found it on level 5 of the Pits of Slime)

   Str+4:     It affects your strength (+4).
   rF+:       It protects you from fire.
   rC+:       It protects you from cold.
   rPois:     It protects you from poison.
   rN+:       It protects you from negative energy.
   SInv:      It lets you see invisible.
 X - the +0 ring mail "Ceqyat" {rCorr}
   (You found it on level 3 of the Elven Halls)

   rCorr:     It protects you from acid and corrosion.
 Y - a +2 pair of gloves of dexterity (worn)
Gizmo
 P - a NW-50 gigamodule (installed) {RevParry, Will+ Slay+3}
   (You invented it yourself on level 11 of the Dungeon)

   [NW-50 gigamodule]

   RevParry:  Your AC increases as you Rev (up to +5) and while fully Revved,
   your attacks may disarm enemies.
   Slay+3:    It affects your accuracy & damage with ranged weapons and melee
   (+3).
   Will+:     It increases your willpower.
Wands
 t - a wand of digging (3)
 A - a wand of acid (29)
 D - a wand of polymorph (21)
 E - a wand of paralysis (34)
 H - a wand of roots (20)
 K - a wand of flame (61)
 M - a wand of mindburst (32)
Scrolls
 b - 4 scrolls of vulnerability
 e - a scroll of brand weapon
 k - 3 scrolls of immolation
 o - 6 scrolls of fear
 r - 5 scrolls of blinking
 s - 16 scrolls of teleportation
 w - 5 scrolls of silence
 x - 3 scrolls of poison
 T - 5 scrolls of fog
 V - 3 scrolls of amnesia
Potions
 c - 3 potions of magic
 g - 4 potions of invisibility
 h - 4 potions of haste
 i - a potion of heal wounds
 m - 15 potions of curing
 v - 12 potions of ambrosia
 C - 10 potions of enlightenment
 G - 5 potions of lignification
 N - 7 potions of mutation
Miscellaneous
 S - a sack of spiders
 W - a condenser vane


   Skills:
 - Level 20.0 Fighting
 - Level 14.0 Long Blades
 - Level 20.0 Ranged Weapons
 - Level 20.0 Armour
 + Level 16.1 Dodging
 - Level 5.0 Stealth
 - Level 10.0 Invocations
 - Level 23.2 Evocations


You had 25 spell levels left.
You didn't know any spells.
Your spell library contained the following spells:

 Spells                   Type           Power      Damage    Failure   Level
 Apportation              Tloc           0%         N/A       36%         1
 Freeze                   Ice            0%         1d3       36%         1
 Kiss of Death            Conj/Necr      0%         2d5       36%         1
 Magic Dart               Conj           0%         1d3       36%         1
 Sandblast                Erth           0%         2d4       36%         1
 Shock                    Conj/Air       0%         1d3       36%         1
 Summon Small Mammal      Summ           0%         N/A       36%         1
 Ensorcelled Hibernation  Hex/Ice        0%         N/A       50%         2
 Jinxbite                 Hex            0%         N/A       50%         2
 Lesser Beckoning         Tloc           0%         N/A       50%         2
 Searing Ray              Conj           0%         2d4       50%         2
 Static Discharge         Conj/Air       0%         3-3/arc   50%         2
 Call Canine Familiar     Summ           0%         N/A       75%         3
 Confusing Touch          Hex            0%         N/A       75%         3
 Frozen Ramparts          Ice            0%         1d1       75%         3
 Gell's Gravitas          Tloc           0%         N/A       75%         3
 Hailstorm                Conj/Ice       0%         3d5       75%         3
 Inner Flame              Hex/Fire       0%         N/A       75%         3
 Ozocubu's Armour         Ice            0%         N/A       75%         3
 Passwall                 Erth           0%         N/A       75%         3
 Summon Ice Beast         Ice/Summ       0%         N/A       75%         3
 Swiftness                Air            0%         N/A       75%         3
 Teleport Other           Tloc           0%         N/A       75%         3
 Tukima's Dance           Hex            0%         N/A       75%         3
 Airstrike                Air            0%         2d(0-16)  98%         4
 Anguish                  Hex/Necr       0%         N/A       98%         4
 Cause Fear               Hex            0%         N/A       98%         4
 Dimensional Bullseye     Hex/Tloc       0%         N/A       98%         4
 Dispel Undead            Necr           0%         3d6       98%         4
 Flame Wave               Conj/Fire      0%         2d4       98%         4
 Fulminant Prism          Conj/Alch      0%         3d5       98%         4
 Ignite Poison            Fire/Alch      0%         N/A       98%         4
 Iskenderun's Mystic Bla  Conj/Tloc      0%         2d3       98%         4
 Leda's Liquefaction      Alch/Erth      0%         N/A       98%         4
 Manifold Assault         Tloc           0%         N/A       98%         4
 Olgreb's Toxic Radiance  Alch           0%         N/A       98%         4
 Petrify                  Alch/Erth      0%         N/A       98%         4
 Sticky Flame             Fire/Alch      0%         2d4       98%         4
 Summon Blazeheart Golem  Fire/Summ      0%         N/A       98%         4
 Summon Lightning Spire   Summ/Air       0%         N/A       98%         4
 Alistair's Intoxication  Alch           0%         N/A       100%        5
 Arcjolt                  Conj/Air       0%         1d10      100%        5
 Borgnjor's Vile Clutch   Necr/Erth      0%         N/A       100%        5
 Fireball                 Conj/Fire      0%         3d3       100%        5
 Metabolic Englaciation   Hex/Ice        0%         N/A       100%        5
 Summon Forest            Summ/Tloc      0%         N/A       100%        5
 Summon Mana Viper        Hex/Summ       0%         N/A       100%        5
 Yara's Violent Unravell  Hex/Alch       0%         3d3       100%        5
 Bombard                  Conj/Erth      0%         9d1       100%        6
 Conjure Ball Lightning   Conj/Air       0%         3x3d6     100%        6
 Dispersal                Tloc           0%         N/A       100%        6
 Eringya's Noxious Bog    Alch           0%         4d6       100%        6
 Permafrost Eruption      Ice/Erth       0%         2x4d2     100%        6
 Sculpt Simulacrum        Ice/Alch       0%         N/A       100%        6
 Starburst                Conj/Fire      0%         6d3       100%        6
 Summon Cactus Giant      Summ           0%         N/A       100%        6
 Enfeeble                 Hex            0%         N/A       100%        7
 Monstrous Menagerie      Summ           0%         N/A       100%        7
 Orb of Destruction       Conj           0%         9d5       100%        7
 Ozocubu's Refrigeration  Ice            0%         4d7       100%        7
 Spellforged Servitor     Conj/Summ      0%         N/A       100%        7
 Discord                  Hex            0%         N/A       100%        8
 Disjunction              Tloc           0%         N/A       100%        8
 Ignition                 Fire           0%         3d3       100%        8
 Chain Lightning          Conj/Air       0%         N/A       100%        9
 Dragon's Call            Summ           0%         N/A       100%        9
 Fire Storm               Conj/Fire      0%         5d1       100%        9
 Shatter                  Erth           0%         3d5*      100%        9


Dungeon Overview and Level Annotations

Branches:
Dungeon (15/15)            Temple (1/1) D:6            Lair (5/5) D:8
 Shoals (4/4) Lair:3       Spider (4/4) Lair:2        Slime (5/5) Lair:4
    Orc (2/2) D:12            Elf (3/3) Orc:2        Vaults (4/5) D:14
  Crypt (0/3) Vaults:3     Depths (4/4) D:15            Zot (5/5) Depths:4
Gauntlet (visited)

Altars:
Ashenzari
Cheibriados
Dithmenos
Elyvilon
Fedhas
Gozag
Hepliaklqana
Kikubaaqudgha
Makhleb
Nemelex Xobeh
Okawaru
Qazlal
Ru
Sif Muna
Trog
Uskayaw
Vehumet
Wu Jian
Xom
Yredelemnul
Zin
The Shining One
Beogh
Jiyva
Lugonu

Shops:
D:12 (   D:13 !   Orc:1 *   Orc:2 [!*:(   Elf:1 =   Elf:2 =[(!   Elf:3 !((=:=(
Shoals:1 (   Depths:4 *?

Portals:
Hell: Depths:1 Depths:2 Depths:3 Depths:4
Abyss: Lair:5 Depths:2
Pandemonium: Orc:2 Depths:2
Ziggurat: Depths:2
Trove: D:10 (give 7 scrolls of fear)

Annotations:
D:5 Edmund
D:7 1 transporter, HourglassMan's ghost, novice MfSh
D:8 3 runed translucent doors, anet's ghost, novice GrRe
D:14 1 runed translucent door, Uzxid's ghost, journeyman MfGl
Elf:2 3 runed translucent doors
Depths:4 2 transporters, Echeifod's ghost, adept DECj
Zot:5 3 runed translucent doors, Anuegiwi's ghost, veteran AtFi; Kyph's ghost, legendary MiBe


Innate Abilities, Weirdness & Mutations

Your life essence is reduced to manifest your ancestor. (-10% HP)
You can wield a second weapon in your off-hand.
It takes a long time for you to wield or remove held weapons.
Your first few attacks do less damage.
You cannot equip rings or amulets.
Your magical capacity is very low. (-20% MP)
You are strong-willed. (Will+)
Your system is resistant to poisons. (rPois)


Message History

No target in view!
Aiming: Dig
Press: ? - help, Shift-Dir - straight line You can't see that place. [the floor.]
The rock shatters into small pieces.
Ytsejeiw barely misses the Orb Guardian.
Ytsejeiw barely misses the Orb Guardian.
The Orb Guardian closely misses you. The Orb Guardian hits you!!
You shoot an arrow.
The arrow hits the Orb Guardian but does no damage.
The Orb Guardian is heavily wounded.
The Orb Guardian completely misses you.
Ytsejeiw completely misses the Orb Guardian.
You shoot an arrow.
The arrow barely misses the Orb Guardian.
Ytsejeiw avoids your attack. The Orb Guardian completely misses you.
Ytsejeiw hits the Orb Guardian with a +0 broad axe of speed!
The Orb Guardian hits you!!
You shoot an arrow. The arrow hits the Orb Guardian!
The Orb Guardian is severely wounded.
The Orb Guardian hits you!!
Ytsejeiw misses the Orb Guardian.
You shoot an arrow.
The arrow barely misses the Orb Guardian.
Ytsejeiw avoids your attack. The Orb Guardian barely misses you.
Ytsejeiw closely misses the Orb Guardian.
The Orb Guardian misses you.
You shoot an arrow. The arrow hits the Orb Guardian!!
You kill the Orb Guardian!
Unknown command.
No target in view!
There is a staircase leading out of the dungeon here.
You start resting.
A demonspawn warmonger, a reaper and a demonspawn corrupter come into view.
The demonspawn warmonger is wielding a +0 demon blade of electrocution, wearing a +2 plate armour of fire resistance and wearing a +1 tower shield of reflection.
The reaper is wielding a +1 scythe of freezing.
Unknown command.
The demonspawn corrupter shouts!
Ytsejeiw hits the demonspawn warmonger but does no damage.
You have escaped!

#.##.#######...####.#####
#........##.....#........
####[###..........#.#####
#|........#......#
#[..>#.####'######
#...####....##
######.......#
###...6..#..# ###
#...@.2.###### #..
#...R.#####..# ####.. ##
####.#6#.###....# #.#.##
.# #....###.#......#
#.##.. .#
###.######........###.####
'####
#...####.......##.....##..
.)~~##
#.#...#....##..##.##..#.##
...~~#
#...###.##.......###..##..
⌠#..~###...............##
#.#####


You could see the friendly Ytsejeiw the knight (reflecting), a demonspawn
warmonger (ally target, reflecting), a demonspawn corrupter and a reaper.

Vanquished Creatures
  the Royal Jelly (Slime:5)
  Dissolution (Slime:3)
  5 dread liches (Zot:5)
  An orb of fire (Zot:5)
  3 ancient liches (Zot:5)
  Xtahua (Depths:4)
  Parghit (Depths:4)
  A Killer Klown (Zot:5)
  A curse toe (Zot:1)
  4 golden dragons
  Nikola (Shoals:2)
  Jory (Vaults:2)
  Arachne (Spider:2)
  A tentacled monstrosity (Depths:2)
  21 Orb Guardians
  A titan (Depths:2)
  13 acid blobs
  A quicksilver dragon (Depths:3)
  3 deep elf blademasters (Elf:3)
  4 sphinxes
  4 death cobs
  4 shadow dragons
  2 storm dragons (Zot:5)
  Donald (Shoals:3)
  2 tengu reavers
  Aizul (Shoals:3)
  A draconian knight (Zot:3)
  Roxanne (Shoals:4)
  3 rockslimes
  2 protean progenitors
  6 fire giants
  7 azure jellies
  2 draconian monks
  5 deep elf elementalists (Elf:3)
  6 emperor scorpions
  An iron dragon (D:15)
  3 draconian shifters
  5 frost giants
  5 deep elf sorcerers (Elf:3)
  11 vault wardens
  2 draconian stormcallers
  4 ghost moths
  10 ironbound preservers
  Louise (D:14)
  13 quicksilver oozes
  4 broodmothers
  2 orc warlords
  2 very ugly things (Vaults:3)
  A vampire knight (Depths:4)
  8 stone giants
  5 deep elf demonologists (Elf:3)
  6 ironbound thunderhulks
  4 deep elf death magi
  5 green draconians
  A black draconian (Zot:3)
  A dire elephant (D:15)
  A minotaur (Gauntlet)
  6 deep elf annihilators
  5 purple draconians
  3 yellow draconians
  2 red draconians
  4 lorocyprocas
  A war gargoyle (Vaults:4)
  2 white draconians (Zot:1)
  3 spark wasps
  An ettin (Vaults:3)
  5 merfolk javelineers
  4 merfolk impalers
  5 fire dragons
  2 crystal guardians (Vaults:2)
  5 deep elf high priests
  8 entropy weavers
  2 yaktaur captains (Vaults:2)
  10 great orbs of eyes
  6 ice dragons
  A hell beast (D:15)
  A rakshasa (D:13)
  A catoblepas (Shoals:2)
  5 hydras
  A peacekeeper (Vaults:2)
  12 vault guards
  2 demonspawn (Orc:2)
  2 ogre magi
  A salamander tyrant (Depths:4)
  4 centaur warriors
  3 ironbound frosthearts
  3 spriggan air magi
  4 merfolk aquamancers
  7 two-headed ogres
  7 dancing weapons
  A death knight (D:13)
  14 boulder beetles
  3 deep troll shamans (Depths:2)
  4 radroaches
  8 death yaks
  A deep troll earth mage (Depths:2)
  12 demonic crawlers
  3 thrashing horrors (Lair:5)
  4 spriggan berserkers
  4 orc high priests (Orc:2)
  4 tengu warriors
  Sonja (Lair:5)
  7 deep elf knights
  2 soul eaters
  4 skysharks
  A hell knight (Vaults:4)
  A sixfirhy (Depths:2)
  9 sun demons
  4 sea snakes
  An iron troll (Depths:2)
  Lodul (D:11)
  9 orb spiders
  5 pharaoh ants
  2 glowing orange brains
  A deep troll (shapeshifter) (Elf:3)
  5 arcanists
  43 deep trolls
  An orb spider (shapeshifter) (Depths:2)
  3 sun moths
  22 harpies
  4 thermic dynamos
  3 phantasmal warriors
  17 ironbound convokers
  4 deep elf archers
  17 steelbarb worms
  6 orc sorcerers (Orc:2)
  8 orc knights
  22 deep elf pyromancers
  2 lindwurms (Vaults:1)
  2 fauns (Shoals:2)
  24 deep elf zephyrmancers
  21 wolf spiders
  A necromancer (Vaults:4)
  A tengu skeleton (Vaults:4)
  14 ugly things
  A shining eye (shapeshifter) (Depths:4)
  7 cyclopes
  5 shining eyes
  24 elephants
  A mana viper (shapeshifter) (Vaults:3)
  8 moths of wrath
  5 manticores
  4 salamanders
  A meliai (D:13)
  8 vault sentinels
  A smoke demon (Lair:5)
  5 torpor snails
  6 black mambas
  3 merfolk sirens
  2 eyes of devastation (Depths:1)
  4 water nymphs
  Jeremiah (D:7)
  A hellion (Depths:2)
  10 cane toads
  16 yaktaurs
  A tormentor (D:2)
  4 efreet
  5 rime drakes
  2 ice devils (Orc:2)
  14 komodo dragons
  2 freezing wraiths
  A human zombie (Vaults:4)
  A tengu conjurer (D:13)
  15 merfolk
  A queen bee (shapeshifter) (Vaults:3)
  4 trolls
  2 polar bears
  A wind drake (Shoals:3)
  2 raiju
  17 tarantellas
  A frost giant simulacrum (Vaults:4)
  3 glass eyes
  4 hornets
  2 dream sheep (shapeshifter)
  16 blink frogs
  A glass eye (shapeshifter) (Vaults:3)
  2 dream sheep (Shoals:3)
  10 snapping turtles
  41 slime creatures
  A vampire (D:12)
  A culicivora (shapeshifter) (Lair:5)
  28 jumping spiders
  16 water elementals
  12 culicivoras
  4 wraiths
  5 spriggans
  2 air elementals
  A jumping spider (shapeshifter) (Lair:5)
  20 yaks
  4 shadows
  A fire elemental (Elf:1)
  A wyvern (D:9)
  3 ynoxinuls (Lair:5)
  5 golden eyes
  4 basilisks
  2 wargs
  3 vampire mosquitoes (D:15)
  3 steam dragons
  24 redbacks
  A neqoxec (Orc:2)
  2 elf skeletons (Vaults:4)
  8 small abominations (Lair:5)
  2 acid dragons
  A hell hound (Depths:1)
  11 water moccasins
  3 ice beasts
  A sky beast (D:8)
  20 orc warriors
  4 black bears
  16 ogres
  4 boggarts (D:15)
  7 wolves
  3 centaurs
  A kobold brigand (D:10)
  8 bullfrogs
  3 gnoll sergeants
  A scorpion (D:5)
  8 wights
  5 killer bees
  5 electric eels
  4 howler monkeys
  A crimson imp (D:6)
  A bombardier beetle (D:6)
  10 jellies
  26 orc priests
  Natasha (thrice) (D:2)
  An iguana (shapeshifter) (Elf:3)
  An iguana (D:6)
  17 orc wizards
  2 sleepcaps (D:4)
  5 hell rats (Lair:5)
  11 gnolls
  8 adders
  2 shadow imps
  3 white imps
  4 ufetubi
  4 ribbon worms
  A dart slug (D:1)
  74 orcs
  5 ball pythons
  7 bats
  6 endoplasms
  4 giant cockroaches
  5 goblins
  7 hobgoblins
  4 jackals
  2 quokkas
  5 frilled lizards
  10 kobolds
  2 rats (D:1)
  An aspiring flesh (Zot:2)
1417 creatures vanquished.

Vanquished Creatures (collateral kills)
  A dread lich (Zot:5)
  An ancient lich (Zot:5)
  2 orbs of fire (Zot:5)
  A juggernaut (Depths:3)
  Mennas (Vaults:2)
  A Killer Klown (Zot:5)
  A curse toe (Zot:5)
  A golden dragon (Depths:3)
  A hellephant (Zot:3)
  2 electric golems (Zot:5)
  6 tentacled monstrosities
  2 walking crystal tomes (Depths:3)
  A lich (D:14)
  6 Orb Guardians (Zot:5)
  A titan (Depths:2)
  A deep elf blademaster (Elf:3)
  11 acid blobs
  Polyphemus (Shoals:2)
  A death cob (Zot:5)
  A sphinx (Vaults:3)
  A quicksilver dragon (Depths:2)
  2 shadow dragons
  2 tengu reavers
  A storm dragon (Zot:5)
  3 azure jellies
  7 rockslimes
  An emperor scorpion (Spider:4)
  A protean progenitor (Zot:5)
  A draconian scorcher (Zot:1)
  A draconian shifter (Zot:3)
  4 deep elf sorcerers
  A ghost moth (Vaults:3)
  3 vault wardens
  2 frost giants
  An orc warlord (Vaults:3)
  3 deep elf elementalists
  4 ironbound preservers
  A quicksilver ooze (Slime:5)
  A broodmother (Spider:2)
  2 green draconians (Zot:3)
  A stone giant (Depths:4)
  A vampire knight (Depths:4)
  An ironbound thunderhulk (Vaults:3)
  4 deep elf death magi (Elf:3)
  A deep elf annihilator (Elf:3)
  3 black draconians
  2 deep elf demonologists (Elf:3)
  A red draconian (Zot:5)
  4 spark wasps
  A war gargoyle (Vaults:2)
  A merfolk impaler (Shoals:3)
  A jiangshi (Vaults:3)
  A green death (D:11)
  3 yaktaur captains (Vaults:3)
  2 entropy weavers
  An ice dragon (Depths:2)
  3 deep elf high priests (Elf:3)
  A great orb of eyes (Slime:5)
  4 hydras
  3 merfolk avatars
  A spriggan air mage (Depths:3)
  6 vault guards
  4 dancing weapons
  4 centaur warriors
  2 two-headed ogres
  A deep troll shaman (D:15)
  A boulder beetle (Spider:3)
  A merfolk aquamancer (Shoals:4)
  2 orc high priests (Orc:2)
  A deep troll earth mage (Vaults:3)
  10 deep elf knights
  2 skysharks
  3 iron trolls (Depths:2)
  4 pharaoh ants
  2 sea snakes
  A skeletal warrior (Vaults:3)
  17 deep trolls
  3 orb spiders
  6 deep elf archers
  4 arcanists
  A steelbarb worm (Spider:4)
  2 phantasmal warriors
  2 lindwurms
  6 ironbound convokers
  A necromancer (Vaults:3)
  11 harpies
  7 deep elf pyromancers
  2 deep elf zephyrmancers (Elf:2)
  A shining eye (Slime:5)
  3 cyclopes
  5 wolf spiders
  2 ugly things (Vaults:4)
  3 moths of wrath
  2 meliai (Spider:4)
  A salamander (Depths:4)
  A faun (Shoals:2)
  Maurice (D:10)
  3 vault sentinels
  A black mamba (Lair:5)
  3 merfolk sirens
  2 manticores
  A molten gargoyle (Depths:2)
  12 elephants
  An ice statue (Shoals:4)
  An unseen horror (D:11)
  3 torpor snails
  A rime drake (Lair:2)
  A cane toad (Lair:4)
  A cane toad (shapeshifter) (D:13)
  4 komodo dragons
  3 freezing wraiths
  7 yaktaurs
  A troll (D:11)
  5 merfolk
  A glass eye (Depths:1)
  8 blink frogs
  7 tarantellas
  2 snapping turtles (Shoals:4)
  A dream sheep (Shoals:3)
  An air elemental (Elf:2)
  6 jumping spiders
  34 slime creatures
  A wyvern (D:10)
  4 water elementals
  8 culicivoras
  3 wraiths
  4 yaks
  2 golden eyes
  3 basilisks
  A human (shapeshifter) (Lair:5)
  A chaos spawn (Orc:2)
  8 redbacks
  5 water moccasins
  7 orc warriors
  An ogre (D:11)
  A bullfrog (Lair:2)
  3 killer bees
  A jelly (D:12)
  6 orc priests
  3 orc wizards
  A hell rat (Lair:5)
  18 orcs
  An endoplasm (Lair:4)
  An aspiring flesh (Zot:5)
443 creatures vanquished.

Vanquished Creatures (others)
  2 deep elf master archers (Elf:3)
  A fire giant (D:15)
  A draconian knight (Zot:3)
  A vault warden (Vaults:3)
  A stone giant (Vaults:3)
  2 yaktaur captains
  2 centaur warriors
  A deep elf knight (Elf:3)
  2 deep elf archers (Elf:2)
  2 yaktaurs (Vaults:3)
  45 knights
  An ancestor (D:8)
61 creatures vanquished.

Grand Total: 1921 creatures vanquished

Notes
Turn   | Place    | Note
-------+----------+-------------------------------------------
     0 | D:1      | Ajdolov the Coglin Hunter began the quest for the Orb.
     0 | D:1      | Reached XP level 1. HP: 16/16 MP: 1/1
    15 | D:1      | You fall into a shaft and drop 1 floor!
   223 | D:1      | Reached skill level 1 in Stealth
   334 | D:1      | Reached XP level 2. HP: 17/22 MP: 2/2
   558 | D:1      | Reached XP level 3. HP: 28/28 MP: 3/3
  1220 | D:2      | Found a faded altar of an unknown god.
  1265 | D:2      | Noticed Natasha
  1273 | D:2      | Killed Natasha
  1274 | D:2      | Reached XP level 4. HP: 23/34 MP: 4/4
  1327 | D:2      | Noticed Natasha
  1329 | D:2      | Killed Natasha
  1340 | D:2      | Noticed Natasha
  1343 | D:2      | Killed Natasha
  1344 | D:2      | Reached XP level 5. HP: 41/41 MP: 5/5
  2438 | D:2      | Reached XP level 6. HP: 38/48 MP: 6/6
  2638 | D:3      | Reached skill level 5 in Fighting
  3057 | D:4      | Reached skill level 5 in Ranged Weapons
  3063 | D:4      | Reached XP level 7. HP: 45/56 MP: 7/7
  3646 | D:5      | Entered Level 5 of the Dungeon
  3674 | D:5      | Found an ancient bone altar of Kikubaaqudgha.
  4145 | D:5      | Found an opulent altar of Gozag.
  4203 | D:5      | Reached XP level 8. HP: 62/62 MP: 8/8
  4450 | D:6      | Found a white marble altar of Elyvilon.
  4460 | D:6      | Noticed Edmund
  4761 | D:6      | Found a glowing silver altar of Zin.
  5017 | D:6      | Found a staircase to the Ecumenical Temple.
  5026 | Temple   | Entered the Ecumenical Temple
  5045 | Temple   | Became a worshipper of Hepliaklqana the Forgotten
  5108 | D:6      | Found a glowing golden altar of the Shining One.
  5108 | D:6      | Found a shadowy altar of Dithmenos.
  5237 | D:6      | Found a burning altar of Makhleb.
  5727 | D:6      | Reached XP level 9. HP: 68/68 MP: 9/9
  6313 | D:7      | Found a transporter.
  6314 | D:7      | Identified the +2 great mace of the Golden God {holy, rF++
                  | Will+ Int+3}
  6314 | D:7      | Identified the +11 dire flail of the Volcano {flame, rElec
                  | Stlth+}
  6314 | D:7      | Noticed a two-headed ogre
  6315 | D:7      | Noticed HourglassMan's ghost (novice MfSh)
  6367 | D:7      | Reached skill level 10 in Ranged Weapons
  6416 | D:7      | Reached skill level 1 in Invocations
  6672 | D:7      | Noticed Jeremiah
  6921 | D:7      | Found a broken altar of Ashenzari.
  7001 | D:7      | Killed Jeremiah
  7002 | D:7      | Reached skill level 5 in Invocations
  7195 | D:8      | Reached * piety under Hepliaklqana
  7309 | D:8      | Found a sacrificial altar of Ru.
  7516 | D:8      | Noticed a two-headed ogre
  7693 | D:8      | Found a staircase to the Lair.
  7742 | D:8      | Killed a two-headed ogre
  7743 | D:8      | Reached skill level 5 in Dodging
  7743 | D:8      | Reached skill level 4 in Evocations
  7743 | D:8      | Reached XP level 10. HP: 66/66 MP: 13/13
  7750 | D:8      | Found a runed translucent gate.
  7750 | D:8      | Found a runed translucent gate.
  7751 | D:8      | Found a runed translucent gate.
  7752 | D:8      | Noticed anet's ghost (novice GrRe)
  7851 | D:8      | Found a hide-covered altar of Uskayaw.
  8192 | D:8      | Reached skill level 5 in Evocations
  8525 | D:9      | Reached ** piety under Hepliaklqana
  8526 | D:9      | Remembered your ancestor Ytsejeiw as a knight
  8940 | D:10     | Entered Level 10 of the Dungeon
  8992 | D:10     | Noticed Maurice
  9350 | D:10     | Noticed a two-headed ogre
  9398 | D:10     | Paralysed by Maurice for 2 turns
  9424 | D:10     | Something stole 2 throwing nets
  9425 | D:10     | Something stole 495 gold
  9427 | D:10     | Killed Maurice
  9530 | D:10     | Identified the +7 whip of the Cursing Vulture {holy, rPois
                  | rN+ Int+3}
  9571 | D:10     | Found a portal to a secret trove of treasure.
 10121 | D:11     | Noticed Lodul
 10194 | D:10     | Killed a two-headed ogre
 10195 | D:10     | Reached XP level 11. HP: 81/81 MP: 14/14
 10417 | D:11     | Reached skill level 10 in Fighting
 10622 | D:11     | Reached *** piety under Hepliaklqana
 10625 | D:11     | Noticed a boulder beetle
 10744 | Lair:1   | Entered Level 1 of the Lair of Beasts
 10832 | Lair:1   | Reached skill level 5 in Stealth
 11689 | Lair:1   | Reached XP level 12. HP: 87/87 MP: 15/15
 12421 | Lair:2   | Found a hole to the Spider Nest.
 12696 | Lair:2   | Noticed a four-headed hydra
 13250 | Lair:2   | Noticed a skyshark
 13274 | Lair:2   | Killed a four-headed hydra
 13282 | Lair:2   | Killed a skyshark
 13305 | Lair:2   | Reached skill level 15 in Ranged Weapons
 13305 | Lair:2   | Reached XP level 13. HP: 92/92 MP: 16/16
 13980 | Lair:3   | Reached **** piety under Hepliaklqana
 14051 | Lair:3   | Found a staircase to the Shoals.
 15012 | Lair:4   | Identified the +5 orcbow of Tenacity {heavy, rPois rF++
                  | Will+ Str-4}
 15194 | Lair:4   | Found a staircase to the Slime Pits.
 15329 | Lair:4   | Identified a scroll of acquirement
 15330 | Lair:4   | Acquired the +1 pair of boots of the Rescuing Gods {Rampage
                  | Dex+4 SInv}
 15742 | Lair:4   | Reached ***** piety under Hepliaklqana
 16567 | D:11     | Reached XP level 14. HP: 54/99 MP: 20/20
 16567 | D:11     | Acquired a NW-50 gigamodule {RevParry, Will+ Slay+3}
 16658 | D:11     | Killed Lodul
 16953 | D:12     | Found Cyll's Weapon Emporium.
 17030 | D:12     | Found a gate leading to a gauntlet.
 17039 | Gauntlet | Entered a Gauntlet
 17039 | Gauntlet | Found a transporter.
 17040 | Gauntlet | Found a large runed translucent door.
 17041 | Gauntlet | Found a large runed translucent door.
 17042 | Gauntlet | Found a large runed translucent door.
 17042 | Gauntlet | Found a large runed translucent door.
 17042 | Gauntlet | Found a runed translucent door.
 17043 | Gauntlet | Found a large runed translucent door.
 17044 | Gauntlet | Found a large runed translucent door.
 17045 | Gauntlet | Found a large runed translucent door.
 17045 | Gauntlet | Found a large runed translucent door.
 17046 | Gauntlet | Found a runed translucent gate.
 17046 | Gauntlet | Found a runed translucent gate.
 17048 | Gauntlet | Found a transporter.
 17056 | Gauntlet | Found a runed translucent gate.
 17056 | Gauntlet | Found a runed translucent door.
 17057 | Gauntlet | Found a large runed translucent door.
 17057 | Gauntlet | Found a large runed translucent door.
 17058 | Gauntlet | Found a large runed translucent door.
 17059 | Gauntlet | Found a large runed translucent door.
 17063 | Gauntlet | Found a transporter.
 17068 | Gauntlet | Found a transporter.
 17083 | Gauntlet | Found a transporter.
 17102 | Gauntlet | Found a transporter.
 17110 | Gauntlet | Noticed a reaper
 17114 | Gauntlet | Found a transporter.
 17126 | Gauntlet | Found a transporter.
 17138 | Gauntlet | Found a transporter.
 17139 | Gauntlet | Noticed a balrug
 17150 | Gauntlet | Found a transporter.
 17169 | Gauntlet | Found a transporter.
 17184 | Gauntlet | Found a transporter.
 17186 | Gauntlet | Found a transporter.
 17215 | Gauntlet | Found a transporter.
 17231 | Gauntlet | Found a large runed translucent door.
 17231 | Gauntlet | Found a large runed translucent door.
 17232 | Gauntlet | Found a large runed translucent door.
 17233 | Gauntlet | Found a large runed translucent door.
 17235 | Gauntlet | Found a transporter.
 17313 | Gauntlet | Found a transporter.
 17333 | Gauntlet | Found a transporter.
 17444 | Gauntlet | Found a transporter.
 17721 | Gauntlet | Identified the +0 helmet of Incorporation {Harm Regen+
                  | rCorr Int+3}
 17765 | Gauntlet | Identified the +6 morningstar of the Evil Eye {chaos,
                  | Str+4}
 17776 | Gauntlet | Reached skill level 10 in Invocations
 17834 | D:12     | Reached skill level 1 in Armour
 17907 | D:12     | Found a staircase to the Orcish Mines.
 18366 | D:12     | Found a viscous altar of Jiyva.
 18471 | Orc:1    | Entered Level 1 of the Orcish Mines
 18558 | Orc:2    | Entered Level 2 of the Orcish Mines
 18788 | Orc:1    | Found Ucuy's General Store.
 18818 | Orc:1    | Bought a scroll of blinking for 112 gold pieces
 18818 | Orc:1    | Bought a potion of invisibility for 120 gold pieces
 19418 | Orc:2    | Found Togifiur's Antique Armour Emporium.
 19429 | Orc:2    | Bought a glowing cloak for 292 gold pieces
 19472 | Orc:2    | Noticed an orc warlord
 19520 | Orc:2    | Killed an orc warlord
 19589 | Orc:2    | Found a staircase to the Elven Halls.
 19656 | Orc:2    | Found a roughly hewn altar of Beogh.
 19851 | Orc:2    | Reached skill level 5 in Armour
 19912 | Orc:2    | Found Xegowiog's Distillery.
 19915 | Orc:2    | Found Olosonua's General Store.
 19935 | Orc:2    | Bought a scroll of blinking for 112 gold pieces
 19937 | Orc:2    | Bought 2 potions of heal wounds for 150 gold pieces
 19937 | Orc:2    | Bought a potion of curing for 45 gold pieces
 19937 | Orc:2    | Bought a potion of heal wounds for 75 gold pieces
 19937 | Orc:2    | Bought a potion of curing for 45 gold pieces
 19937 | Orc:2    | Bought a potion of curing for 45 gold pieces
 20644 | Orc:2    | Found Sics's Antique Weapon Shoppe.
 20644 | Orc:2    | Found Hages's Book Emporium.
 20645 | Orc:2    | Found a one-way gate leading to the halls of Pandemonium.
 20939 | D:13     | Found Waha's Distillery.
 20950 | D:13     | Bought a potion of heal wounds for 85 gold pieces
 20950 | D:13     | Bought a potion of enlightenment for 85 gold pieces
 20950 | D:13     | Bought a potion of curing for 51 gold pieces
 21003 | D:13     | Reached ****** piety under Hepliaklqana
 21082 | D:13     | Reached XP level 15. HP: 103/103 MP: 22/22
 21294 | D:13     | Reached skill level 10 in Dodging
 21899 | D:14     | Noticed Louise
 21991 | D:14     | Found a runed translucent door.
 21991 | D:14     | Noticed Uzxid's ghost (journeyman MfGl)
 22285 | D:14     | Found a gate to the Vaults.
 22737 | D:14     | Killed Louise
 22939 | D:15     | Entered Level 15 of the Dungeon
 24064 | D:15     | Found a staircase to the Depths.
 24391 | Lair:5   | Entered Level 5 of the Lair of Beasts
 24490 | Lair:5   | Reached XP level 16. HP: 118/118 MP: 23/23
 24499 | Lair:5   | Reached skill level 6 in Evocations
 24860 | Lair:5   | Reached skill level 7 in Evocations
 24988 | Lair:5   | Reached skill level 8 in Evocations
 25047 | Lair:5   | Noticed Sonja
 25054 | Lair:5   | Killed Sonja
 25325 | Lair:5   | Reached skill level 9 in Evocations
 25522 | Lair:5   | Reached skill level 10 in Evocations
 25600 | Lair:5   | Found a corrupted altar of Lugonu.
 25600 | Lair:5   | Found a one-way gate to the infinite horrors of the Abyss.
 26289 | Spider:1 | Entered Level 1 of the Spider Nest
 26337 | Spider:1 | Reached skill level 15 in Fighting
 27032 | Spider:1 | Identified the +6 glaive of Destiny {flame, Dex+2}
 27424 | Spider:2 | Identified the blade talisman of Otsacza {*Corrode rPois
                  | Will++}
 27738 | Spider:2 | Reached XP level 17. HP: 127/127 MP: 24/24
 28005 | Spider:2 | Reached skill level 10 in Armour
 28479 | Spider:2 | Noticed Arachne
 28489 | Spider:2 | Killed Arachne
 30858 | Shoals:1 | Entered Level 1 of the Shoals
 30914 | Shoals:1 | Found Leism's Weapon Emporium.
 30924 | Shoals:1 | Bought a throwing net for 33 gold pieces
 31658 | Shoals:2 | Noticed Nikola
 31730 | Shoals:2 | Killed Nikola
 32205 | Shoals:2 | Reached XP level 18. HP: 127/134 MP: 25/25
 32252 | Shoals:2 | Noticed Polyphemus
 32259 | Shoals:2 | Killed Polyphemus
 32512 | Shoals:3 | Identified the serpent talisman of Asoikh {Fly Dex+2 SInv}
 32512 | Shoals:3 | Noticed Aizul
 32523 | Shoals:3 | Killed Aizul
 33536 | Shoals:3 | Reached skill level 15 in Dodging
 33538 | Shoals:3 | Noticed Donald
 33778 | Shoals:3 | Killed Donald
 33991 | Shoals:4 | Entered Level 4 of the Shoals
 35009 | Shoals:4 | Identified the ring "Itwanaca" {Fly rC+ Str+5 SInv}
 35110 | Shoals:4 | Noticed Roxanne
 35118 | Shoals:4 | Killed Roxanne
 35300 | Shoals:4 | Got a barnacled rune of Zot
 35695 | Spider:4 | Entered Level 4 of the Spider Nest
 36673 | Spider:4 | Reached XP level 19. HP: 139/139 MP: 26/26
 36754 | Spider:4 | Reached skill level 11 in Evocations
 36754 | Spider:4 | Reached XP level 20. HP: 84/145 MP: 27/27
 37358 | Spider:4 | Identified the +2 robe of Calculation {rPois rC+}
 37516 | Spider:4 | Identified the -1 hat of Hairiness {-Tele rF+ Int+3 Stlth+}
 37530 | Spider:4 | Got a gossamer rune of Zot
 38007 | Vaults:1 | Entered Level 1 of the Vaults
 38820 | Vaults:1 | You fall into a shaft and drop 1 floor!
 38830 | Vaults:2 | Reached skill level 12 in Evocations
 38946 | Vaults:2 | Noticed Jory
 39003 | Vaults:2 | Killed Jory
 39072 | Vaults:2 | Reached skill level 13 in Evocations
 40034 | Vaults:2 | Reached skill level 14 in Evocations
 40314 | Vaults:2 | Noticed Mennas
 40473 | Vaults:2 | Reached skill level 15 in Evocations
 40514 | Vaults:2 | Reached XP level 21. HP: 151/151 MP: 28/28
 40644 | Vaults:2 | Killed Mennas
 40658 | Vaults:2 | Reached skill level 16 in Evocations
 41075 | Vaults:2 | Identified the +4 hand axe "Xinelis" {freeze, rElec Will+}
 41432 | Vaults:2 | Got the Precepts of Ill-boding Clouds
 41860 | Vaults:3 | Reached skill level 17 in Evocations
 42224 | Vaults:3 | Reached skill level 18 in Evocations
 42398 | Vaults:3 | Reached skill level 19 in Evocations
 43248 | Vaults:3 | Found a staircase to the Crypt.
 43282 | Vaults:3 | Reached skill level 20 in Evocations
 43686 | Vaults:3 | Identified the +6 plate armour of Foolhardiness {Str+2}
 43905 | Vaults:3 | Reached skill level 21 in Evocations
 44227 | Vaults:4 | Reached XP level 22. HP: 142/157 MP: 29/29
 44395 | Vaults:4 | Reached skill level 22 in Evocations
 45430 | Vaults:4 | Reached skill level 23 in Evocations
 45832 | Vaults:4 | Upgraded the game from 0.32-a0-791-gfc315c9ecd to
                  | 0.32-a0-798-gfa783ce77f
 45981 | Depths:1 | Entered Level 1 of the Depths
 46243 | D:15     | Acquired a manual of Long Blades
 46693 | D:15     | Reached skill level 1 in Long Blades
 46822 | Depths:1 | Found a shadowy altar of Dithmenos.
 46949 | Depths:1 | Found a gateway to Hell.
 47173 | Depths:2 | Reached skill level 5 in Long Blades
 47445 | Depths:2 | Found a one-way gateway to a ziggurat.
 47538 | Depths:2 | Identified the +1 scale mail "Vaaprudgh" {Int+3 Dex+3
                  | Stlth+}
 47857 | Depths:2 | Noticed a golden dragon
 47877 | Depths:2 | Killed a golden dragon
 48057 | Depths:2 | Reached skill level 10 in Long Blades
 49537 | Depths:3 | Reached XP level 23. HP: 143/164 MP: 30/30
 49587 | Depths:3 | Noticed a juggernaut
 49601 | Depths:3 | Killed a juggernaut
 50199 | Depths:3 | Noticed a golden dragon
 50516 | Depths:3 | Killed a golden dragon
 50622 | Depths:4 | Entered Level 4 of the Depths
 50703 | Depths:4 | Noticed Parghit
 50726 | Depths:4 | Killed Parghit
 50801 | Depths:4 | Noticed a golden dragon
 50802 | Depths:4 | Noticed Echeifod's ghost (adept DECj)
 50804 | Depths:4 | Noticed a juggernaut
 50805 | Depths:4 | Found a transporter.
 50805 | Depths:4 | Noticed a golden dragon
 50821 | Depths:4 | Found a transporter.
 51858 | Depths:4 | Found a gate to the Realm of Zot.
 51921 | Depths:4 | Found Big Baal Hell's Store.
 52315 | Depths:4 | Noticed Xtahua
 52327 | Depths:4 | Killed Xtahua
 52497 | Depths:4 | Found Huweojurph's Magic Scroll Emporium.
 52500 | Depths:4 | Bought 2 scrolls of enchant weapon for 315 gold pieces
 52500 | Depths:4 | Bought a scroll of fear for 84 gold pieces
 52500 | Depths:4 | Bought a scroll of blinking for 157 gold pieces
 52500 | Depths:4 | Bought a scroll of teleportation for 63 gold pieces
 52500 | Depths:4 | Bought a scroll of butterflies for 84 gold pieces
 52997 | Elf:1    | Entered Level 1 of the Elven Halls
 53497 | Elf:1    | Found Siabus's Jewellery Boutique.
 53849 | Elf:2    | Paralysed by an air elemental for 1 turns
 54034 | Elf:2    | Found Caoty's Weapon Shop.
 54119 | Elf:2    | Paralysed by an air elemental for 1 turns
 54200 | Elf:2    | Found Votyur's Distillery.
 54211 | Elf:2    | Bought a potion of heal wounds for 60 gold pieces
 54244 | Elf:2    | Found Ziavom's Jewellery Emporium.
 54280 | Elf:2    | Bought a potion of mutation for 96 gold pieces
 54399 | Elf:2    | Found Poklyoh's Antique Armour Shoppe.
 54459 | Elf:2    | Found a runed translucent gate.
 54459 | Elf:2    | Found a runed translucent gate.
 54459 | Elf:2    | Found a runed translucent gate.
 54528 | Elf:3    | Entered Level 3 of the Elven Halls
 54532 | Elf:3    | Found Xuptistro's Antique Weapon Emporium.
 54591 | Elf:3    | Found Nackamap's Distillery.
 54599 | Elf:3    | Bought a potion of heal wounds for 95 gold pieces
 54599 | Elf:3    | Bought a potion of curing for 57 gold pieces
 54708 | Elf:3    | Found Foafixi's Antique Weapon Shop.
 54816 | Elf:3    | Found Xauje's Jewellery Shop.
 54817 | Elf:3    | Found Coonuddi's Book Shoppe.
 54818 | Elf:3    | Found Utantiss's Jewellery Shop.
 55032 | Elf:3    | Found Hekkopnu's Weapon Shoppe.
 55057 | Elf:3    | Reached XP level 24. HP: 171/171 MP: 30/30
 55169 | Elf:3    | Identified the +8 hand axe "Vunogipt" {heavy, rC++}
 55173 | Elf:3    | Reached skill level 15 in Armour
 55234 | Elf:3    | Identified the ring of Hemutu {rElec Will+ Slay+2}
 55897 | Elf:3    | Identified the +4 war axe of the Postmodern Tables
                  | {antimagic, rN+ Will+ Str+3 Dex-2}
 56159 | Elf:3    | Identified the +0 ring mail "Ceqyat" {rCorr}
 56161 | Elf:3    | Got the Almanac of Conjured Location
 56219 | Elf:3    | Identified the staff of Quick Death {rPois rN+ SInv Summ
                  | Necro}
 56946 | Slime:1  | Entered Level 1 of the Pits of Slime
 57773 | Slime:4  | Noticed Dissolution
 58092 | Slime:3  | Gained mutation: Your system is resistant to poisons.
                  | (rPois) [a shining eye]
 58097 | Slime:3  | Killed Dissolution
 58411 | Slime:5  | Entered Level 5 of the Pits of Slime
 58447 | Slime:5  | Noticed the Royal Jelly
 58472 | Slime:5  | Killed the Royal Jelly
 58473 | Slime:5  | Reached XP level 25. HP: 180/180 MP: 30/30
 58549 | Slime:5  | Found the +13 scythe of Curses {drain, curses, ^Drain}
 58555 | Slime:5  | Got a slimy rune of Zot
 58566 | Slime:5  | Identified the +8 gold dragon scales of Parts Unknown
                  | {rPois rF+ rC+ rN+ Str+4 SInv}
 58597 | Slime:5  | Got Sif Muna's Compendium of Grit
 58637 | Slime:5  | Got Experienced Hermeneutics
 58642 | Slime:5  | Got the Compilation of the Seventy-Seven Mice
 59388 | Zot:1    | Entered Level 1 of the Realm of Zot
 61149 | Zot:5    | Entered Level 5 of the Realm of Zot
 61651 | Zot:5    | Found a runed translucent gate.
 61651 | Zot:5    | Found a runed translucent gate.
 61651 | Zot:5    | Found an ancient bone altar of Kikubaaqudgha.
 61651 | Zot:5    | Found a runed translucent gate.
 61651 | Zot:5    | Noticed Anuegiwi's ghost (veteran AtFi)
 61651 | Zot:5    | Noticed an ancient lich
 61803 | Zot:5    | Noticed a dread lich
 61805 | Zot:5    | Noticed a dread lich
 61806 | Zot:5    | Noticed Kyph's ghost (legendary MiBe)
 62137 | Zot:5    | Noticed an ancient lich
 62159 | Zot:5    | Killed an ancient lich
 62210 | Zot:5    | Noticed a Killer Klown
 62223 | Zot:5    | Killed a Killer Klown
 62248 | Zot:5    | Noticed a Killer Klown
 62297 | Zot:5    | Killed a Killer Klown
 62385 | Zot:5    | Noticed a dread lich
 62491 | Zot:5    | Noticed a dread lich
 62507 | Zot:5    | Killed a dread lich
 62510 | Zot:5    | Killed a dread lich
 62574 | Zot:5    | Noticed a dread lich
 62574 | Zot:5    | Noticed a dread lich
 62601 | Zot:5    | Killed a dread lich
 62603 | Zot:5    | Killed a dread lich
 62715 | Zot:5    | Noticed a dread lich
 62716 | Zot:5    | Noticed a dread lich
 62730 | Zot:5    | Noticed an ancient lich
 62732 | Zot:5    | Killed a dread lich
 62733 | Zot:5    | Reached XP level 26. HP: 155/195 MP: 30/30
 62734 | Zot:5    | Noticed an orb of fire
 62745 | Zot:5    | Killed a dread lich
 62750 | Zot:5    | Killed an orb of fire
 62751 | Zot:5    | Noticed an ancient lich
 62758 | Zot:5    | Killed an ancient lich
 63185 | Zot:5    | Noticed an orb of fire
 63188 | Zot:5    | Noticed an orb of fire
 63193 | Zot:5    | Killed an orb of fire
 63354 | Zot:5    | Gained mutation: You are strong-willed. (Will+) [an orb of
                  | fire]
 63356 | Zot:5    | Gained mutation: Your magical capacity is low. (-10% MP)
                  | [an orb of fire]
 63358 | Zot:5    | Gained mutation: Your magical capacity is very low. (-20%
                  | MP) [an orb of fire]
 63361 | Zot:5    | Killed an orb of fire
 63549 | Zot:5    | Killed an ancient lich
 63620 | Zot:5    | Noticed an ancient lich
 63719 | Zot:5    | Killed an ancient lich
 64056 | Zot:5    | Got the Orb of Zot
 64455 | D:14     | Noticed Pouss the pandemonium lord
 64852 | D:$      | Escaped with the Orb!

Illustrated notes

Levels and vault maps discovered:
D:1:      dpeg_arrival_long_road, layout_loops_corners, kennysheep_another_room,
          grunt_decor_resistance, minmay_3d_cube
D:2:      layout_basic, shapermc_ecumenical_altar_petra,
          minmay_increasing_density, uniq_natasha
D:3:      layout_loops_corners, nicolae_elevator_lobby_plus
D:4:      layout_loops_ring
D:5:      layout_gridville, kiku_gazebo_garden_becter, kennysheep_little_box
D:6:      layout_loops_ring, zin_treasury, makhleb_grotto_becter,
          nicolae_elyvilon_temple_path, gammafunk_temple_overflow_pools,
          minmay_temple_entry_wispy, lightli_minifort, uniq_edmund
D:7:      layout_rooms, mainiacjoe_overflow_chevrons, gammafunk_ghost_smash,
          uniq_jeremiah
D:8:      layout_basic, mainiacjoe_overflow_six_doors_small,
          mainiacjoe_overflow_brackets, lair_entry_dummy, gammafunk_ghost_split
D:9:      layout_roguey, hex_tiny
D:10:     layout_layer_cave, nicolae_trove_entry_diagonal,
          minmay_variable_closet, uniq_maurice
D:11:     layout_roguey, uniq_lodul
D:12:     layout_irregular_city, hiddenorc2_lemuel, gauntlet_entry_generic,
          serial_shops, shop, jiyva_altar_1
D:13:     minmay_ornate_pinched, layout_loops_ring, serial_shops, shop
D:14:     layout_irregular_city, erik_vaults_2, hellmonk_ghost_happy_afterlife,
          dk_noncrumbling_4, uniq_louise
D:15:     hangedman_depths_entry_try_elsewhere_first, layout_loops_ring,
          minmay_quadrilaterals
Temple:   nicolae_temple_slightly_damp_pantheon
Lair:1:   layout_chaotic_city, minivault_25, grunt_megastairs_2
Lair:2:   nzn_winding_woodlands_three_and_one
          [nzn_winding_woodlands_5x15_split_checker,
          nzn_winding_woodlands_5x15_default, nzn_winding_woodlands_5x15_zeroes,
          nzn_winding_woodlands_center_garden], layout_concentric_octagons,
          nicolae_spider_entry_tight_spaces, st_stairs_8, beast_lair_carwin_5
Lair:3:   layout_regular_city, nicolae_shoals_entry_roost,
          dreamdust_mushroom_princess, beast_lair_carwin_3
Lair:4:   layout_gridlike, nicolae_slime_entry_slimehenge
Lair:5:   hellmonk_lair_end_abyssal_woods, layout_cave_pods, uniq_sonja
Shoals:1: layout_shoals, serial_shops, shop
Shoals:2: layout_shoals, uniq_nikola, uniq_polyphemus
Shoals:3: layout_shoals, uniq_donald, uniq_aizul
Shoals:4: shoals_end_hangedman, layout_shoals,
          portal_ice_cave_entry_ice_statue_one, uniq_roxanne
Spider:1: layout_spider_delve
Spider:2: layout_chambers, hangedman_spider_tarantella_strand, uniq_arachne
Spider:3: layout_spider_delve
Spider:4: hellmonk_spider_rune_bug_friends, nicolae_spider_some_kinda_spiderbox
Slime:1:  layout_caves
Slime:2:  cheibrodos_slime_lost_civilization_8, layout_caves
Slime:3:  layout_caves, nicolae_slime_barrier
Slime:4:  layout_caves, uniq_dissolution
Slime:5:  slime_pit
Orc:1:    layout_caves, enter_volcano_1, serial_shops, shop,
          nicolae_orc_crystal_seam
Orc:2:    pf_orc_diabolical, layout_diamond_mine, serial_shops, shop,
          minmay_orc_temple_b
Elf:1:    minmay_elf_arrival_summoners, layout_loops_cross, serial_shops,
          nicolae_shop_peninsula, nicolae_elf_blasts_and_bolts
Elf:2:    nicolae_elf_blades_splatter_lattice
          [nicolae_blade_entry_sentries_behind_glass], layout_geoelf_grid,
          serial_shops, nicolae_shop_industrial_runoff,
          nicolae_shop_bloodbath_and_beyond, shop_coins,
          nicolae_shop_just_a_little_nook, corner_web_ring
Elf:3:    minmay_elf_hall_four_x, layout_geoelf_grid, serial_shops,
          nicolae_shop_back_alley_shop, nicolae_shop_behind_doors, shop, shop,
          grunt_megastairs_5, minmay_shop_grove
Vaults:1: vaults_room_door_hall, nicolae_vaults_tetromino_T_2,
          vaults_room_fours, layout_vaults_omnigrid
Vaults:2: nicolae_vaults_little_ls, v_alt_pattern_6,
          nicolae_vaults_trapezoid_lopsided_4, nicolae_vaults_storage_closets_3,
          v_misc_24, vaults_mumra_hex, nicolae_vaults_border_crossing,
          nicolae_vaults_ellipses_ellipsis,
          nicolae_vaults_offset_grid_hallway_3, nicolae_vaults_network_quincunx
          [nicolae_vaults_network_quincunx_subvault,
          nicolae_vaults_network_quincunx_subvault,
          nicolae_vaults_network_quincunx_subvault,
          nicolae_vaults_network_quincunx_subvault,
          nicolae_vaults_network_quincunx_subvault], nicolae_vaults_octothorpe,
          st_smaller_cells, nicolae_vaults_little_squares_5,
          layout_vaults_omnibox, uniq_jory, uniq_mennas
Vaults:3: infiniplex_enter_wizlab_glasses, nicolae_vaults_network_square,
          nicolae_vaults_sightless_eye, minmay_crypt_entry_simple_box, v_misc_1,
          st_greater_box_3, v_misc_1, nicolae_vaults_door_testing_chamber,
          nicolae_vaults_circle_grid_b, nicolae_vaults_offset_grid_hallway_3,
          vaults_standard_mumra_enter_the_diamond, vaults_room_grid,
          ontoclasm_vaults_fault, layout_vaults_maze_bifur
Vaults:4: vaults_room_fours, nicolae_vaults_closet_pinwheel_4, v_rooms_5,
          grunt_vaults_swirl, v_misc_15, kb_rosetta, v_rooms_5,
          vaults_room_stairs_pillars, vaults_room_fours,
          grunt_vaults_hallway_short, v_misc_25, layout_vaults_big_cross
Depths:1: layout_cave_pools, nicolae_hell_entry_hellmouth_sunbeams,
          grunt_dithmenos_smoke, kennysheep_generic_room_16
Depths:2: minmay_bad_star, layout_honeycomb, enter_ziggurat_c,
          grunt_decor_junction, abyss_entry_crystal, rand_demon_pan_entry_7,
          grunt_hell_entry_dis_old
Depths:3: evilmike_pillar_path, layout_gridlike, hell_entry,
          abyss_entry_small_statue_room
Depths:4: evilmike_zot_entry_basic, layout_honeycomb, gammafunk_ghost_arena,
          serial_bayou_pond_e, nicolae_hell_entry_big_baal_hell, serial_shops,
          nicolae_shop_rolled_up, serial_bayou, serial_bayou_pond_c,
          serial_bayou_pond_c, serial_bayou_pond_d, serial_bayou_pond_d,
          serial_bayou_lagoon_a, uniq_xtahua, uniq_parghit
Zot:1:    layout_misc_corridors, regret_index_zotdec_slimy_original,
          skrybe_zot_glass_1
Zot:2:    layout_gridville
Zot:3:    layout_concentric_octagons
Zot:4:    gammafunk_mikee_crab_dinner, layout_basic, ebering_ghost_xom,
          regret_index_zotdec_wing_it, hangedman_zot_decor_unnerving_road
Zot:5:    layout_basic, gammafunk_ghost_crypt

Skill      XL: |  1  2  3  4  5  6  7  8  9 10 11 12 13 14 15 16 17 18 19 20 21 22 23 24 25 26 |
---------------+-------------------------------------------------------------------------------+-----
Stealth        | 1 2 5 |  5.0
Dodging        | 2 5 9 10 13 15 16 | 16.1
Ranged Weapons | 4 5 7 9 10 12 15 16 18 20 | 20.0
Fighting       | 3 4 5 9 10 13 15 16 19 20 | 20.0
Invocations    | 5 8 10 | 10.0
Evocations     | 4 5 10 11 15 21 23 | 23.2
Armour         | 5 8 10 14 17 18 20 | 20.0
Long Blades    | 12 14 | 14.0

Action                     |  1- 3 |  4- 6 |  7- 9 | 10-12 | 13-15 | 16-18 | 19-21 | 22-24 | 25-27 || total
---------------------------+-------+-------+-------+-------+-------+-------+-------+-------+-------++-------
  Melee: Eudemon blade     |       |       |       |       |       |       |       |   125 |       ||   125
         Demon blade       |       |       |       |       |       |       |       |   123 |       ||   123
   Fire: Sling             |   142 |   268 |   686 |  1090 |   460 |       |       |       |       ||  2646
         Orcbow            |       |       |       |       |   827 |  1261 |   822 |  1355 |   314 ||  4579
         Longbow           |       |       |       |       |       |       |       |       |   296 ||   296
  Throw: Throwing net      |       |       |     1 |       |       |     1 |       |       |     2 ||     4
 Invoke: Recall Ancestor   |       |       |       |     6 |    11 |    10 |     4 |     6 |     6 ||    43
         Ancestor Life: Kn |       |       |       |     1 |       |       |       |       |       ||     1
         Transference      |       |       |       |     2 |     1 |     1 |     4 |     4 |     6 ||    18
         Idealise          |       |       |       |       |     1 |     1 |     5 |     4 |     9 ||    20
Ability: Invent Gizmo      |       |       |       |       |     1 |       |       |       |       ||     1
  Evoke: Wand              |       |       |       |     4 |     7 |     5 |    17 |     1 |     9 ||    43
         Sack of spiders   |       |       |       |       |     1 |     2 |       |     1 |     2 ||     6
         Condenser vane    |       |       |       |       |       |     1 |     1 |     1 |     1 ||     4
    Use: Scroll            |       |       |    11 |     7 |    12 |    17 |    13 |    14 |    22 ||    96
         Potion            |       |       |       |       |     1 |     4 |     8 |     3 |    17 ||    33
   Stab: Distracted        |       |       |       |       |       |       |       |     1 |       ||     1
 Armour: Leather armour    |    14 |    33 |    58 |       |       |       |       |       |       ||   105
         Robe              |       |       |       |    70 |    53 |       |       |       |       ||   123
         Steam dragon scal |       |       |       |       |    87 |   455 |   167 |   261 |   123 ||  1093
         Gold dragon scale |       |       |       |       |       |       |       |   134 |       ||   134
         Ring mail         |       |       |       |       |       |       |       |    23 |    16 ||    39
         Skin              |       |       |       |       |       |       |       |     1 |       ||     1
  Dodge: Dodged            |    11 |    27 |    48 |    38 |   143 |   820 |   303 |   514 |   206 ||  2110

Table legend: (Time is in decaauts)
 A = Elapsed time spent in this place.
 B = Non-inter-level travel time spent in this place.
 C = Inter-level travel time spent in this place.
 D = Time resting spent in this place.
 E = Time spent auto-exploring this place.
 F = Levels seen in this place.
 G = Mean time per level.
                   A        B        C        D        E       F      G
               +--------+--------+--------+--------+--------+-----+--------+
         Total |  65216 |  59438 |   5778 |  13829 |  31994 |  53 | 1230.5 |
       Dungeon |  17777 |  15159 |   2618 |   1729 |  10499 |  15 | 1185.1 |
        Temple |     38 |      2 |     36 |      0 |      0 |   1 |   38.0 |
          Lair |   7925 |   6901 |   1024 |   1661 |   3597 |   5 | 1585.0 |
        Shoals |   4980 |   4756 |    224 |   1437 |   2437 |   4 | 1245.0 |
   Spider Nest |   6677 |   6295 |    382 |   1357 |   3605 |   4 | 1669.2 |
    Slime Pits |   1659 |   1588 |     71 |    641 |      0 |   5 |  331.8 |
  Orcish Mines |   2537 |   2311 |    226 |    415 |   1390 |   2 | 1268.5 |
   Elven Halls |   3702 |   3369 |    333 |    625 |   1892 |   3 | 1234.0 |
        Vaults |   7936 |   7658 |    278 |   1976 |   4199 |   4 | 1984.0 |
        Depths |   6482 |   6033 |    449 |   1608 |   3356 |   4 | 1620.5 |
           Zot |   4751 |   4619 |    132 |   2362 |    616 |   5 |  950.2 |
      Gauntlet |    748 |    748 |      0 |     16 |    399 |   1 |  748.0 |
               +--------+--------+--------+--------+--------+-----+--------+

Top non-repeatable levels by time:
   Zot:5: 2923 daAuts
Vaults:2: 2419 daAuts
Depths:4: 2284 daAuts
Spider:3: 2281 daAuts
Depths:2: 2163 daAuts
   Elf:3: 2109 daAuts
Vaults:3: 2070 daAuts
Spider:2: 1938 daAuts
    D:15: 1914 daAuts
  Lair:5: 1820 daAuts
Vaults:1: 1808 daAuts
  Lair:2: 1805 daAuts
     D:6: 1772 daAuts
   Orc:2: 1699 daAuts
    D:10: 1667 daAuts
